 Dungeon Crawl Stone Soup version 0.17-a0-764-gd40c196 (webtiles) character file.

10176 Baka the Basher (level 11, 0/71 HPs)
             Began as a Gargoyle Fighter on Apr 23, 2015.
             Was an Elder of Okawaru.
             Slain by a fire elemental (2 damage)
             ... in a volcano.
             The game lasted 00:22:26 (8585 turns).

Baka the Basher (Gargoyle Fighter)                  Turns: 8585, Time: 00:22:26

Health: 0/71       AC: 20    Str: 21    XL:     11   Next: 58%
Magic:  20/22      EV: 14    Int: 10    God:    Okawaru [****..]
Gold:   283        SH: 13    Dex: 12    Spells: 0 memorised, 10 levels left

rFire  . . .     SeeInvis +     q - +5 mace of the Revolution {crush, Int+2}
rCold  . . .     Clarity  .     a - +2 steam dragon armour
rNeg   + . .     SustAb   .     c - +0 shield
rPois  ∞         Gourm    .     r - +1 helmet
rElec  +         Spirit   .     (no cloak)
rCorr  .         Warding  .     (no gloves)
rMut   .         Stasis   .     (no boots)
MR     .....                    l - amulet of rage
Stlth  +++.......               G - ring of magical power
                                E - ring of see invisible

@: heroism, studying Maces & Flails, not resistant to hostile enchantments,
fairly stealthy
A: mutation resistance 1, negative energy resistance 1, electricity resistance,
unbreathing, petrification resistance, rot immunity, AC +7
a: Heroism, Renounce Religion, Evoke Berserk Rage


You were in a volcano.
You worshipped Okawaru.
Okawaru was greatly pleased with you.
You were not hungry.

You visited 3 branches of the dungeon, and saw 11 of its levels.
You also visited: Volcano.

You collected 475 gold pieces.
You spent 192 gold pieces at shops.

Inventory:

Hand weapons
 q - the +5 mace of the Revolution (weapon) {crush, Int+2}
   (You bought it in a shop on level 5 of the Dungeon)

   It inflicts extra damage upon your enemies.
   It affects your intelligence (+2).
Armour
 a - a +2 steam dragon armour (worn)
 b - a +1 scale mail of magic resistance
 c - a +0 shield (worn)
 r - a +1 helmet (worn)
Jewellery
 l - an amulet of rage (around neck)
 x - an uncursed ring of wizardry
 B - an uncursed ring of teleportation
 C - an uncursed amulet of faith
 E - a ring of see invisible (left hand)
 G - a ring of magical power (right hand)
Magical devices
 d - a wand of paralysis (8)
 f - a wand of slowing (17)
 n - a wand of random effects (28)
Scrolls
 g - a scroll of teleportation
 h - 6 scrolls of identify
 j - 2 scrolls of remove curse
 m - 2 scrolls of immolation
 p - a scroll of magic mapping
 s - 2 scrolls of enchant armour
 t - a scroll of blinking
 u - a scroll of fear
 v - 2 scrolls of recharging
Potions
 e - a potion of agility
 k - 2 potions of brilliance
 o - a potion of haste
 z - a potion of invisibility
Books
 w - a manual of Maces & Flails
 y - a book of Burglary

   Spells                             Type                      Level
   a - Swiftness                      Charms/Air                   2
   b - Passwall                       Transmutation/Earth          3
   c - Passage of Golubria            Translocation                4
   d - Lee's Rapid Deconstruction     Earth                        5
   e - Invisibility                   Hexes                        6
   f - Darkness                       Hexes                        7
 D - a book of Callings

   Spells                             Type                      Level
   a - Summon Small Mammal            Summoning                    1
   b - Call Imp                       Summoning                    2
   c - Call Canine Familiar           Summoning                    3
   d - Summon Guardian Golem          Hexes/Summoning              3
   e - Summon Lightning Spire         Summoning/Air                4
   f - Summon Ice Beast               Ice/Summoning                4
Comestibles
 i - 5 meat rations
 F - 10 fruits


   Skills:
 + Level 9.2(14.2) Fighting
 * Level 12.2(17.2) Maces & Flails
 + Level 9.4(14.4) Armour
 + Level 8.9(13.9) Shields
 - Level 3.6 Invocations
 + Level 2.3 Evocations


You had 10 spell levels left.
You didn't know any spells.

Dungeon Overview and Level Annotations

Branches:
Dungeon (9/15)             Temple (1/1) D:6            Lair (1/8) D:9
    Orc (0/4) D:9

Altars:
Ashenzari
Cheibriados
Dithmenos
Elyvilon
Fedhas
Gozag
Kikubaaqudgha
Makhleb
Nemelex Xobeh
Okawaru
Qazlal
Ru
Sif Muna
Trog
Vehumet
Xom
Yredelemnul
Zin
The Shining One

Shops:
D:5 (   D:8 (


Innate Abilities, Weirdness & Mutations

You are resistant to torment.
Your stone body is resilient (AC +7).
You are immune to poison.
You resist negative energy.
You are resistant to electric shocks.
You can survive without breathing.
You are immune to petrification.
You are immune to rotting.
You are somewhat resistant to further mutation.


Message History

The fire elemental is moderately damaged.
The fire elemental hits you. The fire elemental burns you!
You sock the fire elemental!
The fire elemental is severely damaged.
The fire crab breathes flames at you.
The blast of flame engulfs the fire elemental.
The fire elemental completely resists.
You block the fire elemental's attack.
Unknown command.
You are engulfed in roaring flames.
* * * LOW HITPOINT WARNING * * *
The fire crab breathes flames at you.
The blast of flame engulfs the fire elemental.
The fire elemental completely resists.
The fire elemental closely misses you.
Unknown command.
Use which ability? (? or * to list)
You gain the combat prowess of a mighty hero.
You feel slightly more hungry.
You are engulfed in roaring flames.
* * * LOW HITPOINT WARNING * * *
The fire elemental hits you. The fire elemental burns you!
You die...

#≈≈≈§≈.( #..∩.§≈# #
§≈§§§.# #...§.§§
≈≈§§§§§# #...∩.§§
#§≈≈§§§§# ####.§§#
#§§≈≈§.§ #..### #≈≈≈§t#
##.### #≈≈≈§§## ####
#######..#
#≈≈##E###..###..##...##
## ##@#.......§§....#
##§§§.≈≈§§§§≈...#
#..§§≈≈≈≈§§§§≈....#
#...§§≈≈≈≈≈≈§§≈≈≈...
##....≈≈≈§≈§§§§≈≈≈..
#.....≈§≈≈§§§≈≈≈≈§..
##......≈≈≈≈≈≈≈§§...
.......≈§≈≈≈≈≈..§..
.###........ ...


You could see a fire crab and a fire elemental.

Vanquished Creatures
  A centaur warrior (D:8)
  A tengu warrior (D:8)
  The ghost of barthelme the Nimble, an experienced TrBe of Trog (D:7)
  Pikel (D:9)
  A spiny frog (Lair:1)
  4 wandering mushrooms (D:8)
  A troll (D:9)
  The ghost of ImmaFairy the Slasher, an average FoFi (D:3)
  A trapdoor spider zombie (D:9)
  4 yaks (D:9)
  A hungry ghost (D:7)
  A steam dragon (D:8)
  2 wyverns (D:9)
  A porcupine (Lair:1)
  2 water moccasins
  5 orc warriors
  2 ice beasts
  A necrophage (D:7)
  2 phantoms
  2 ogres
  2 black bears
  2 centaurs
  A sky beast (D:7)
  2 crocodiles (Lair:1)
  Blork the orc (D:5)
  2 big kobolds
  6 giant frogs
  A wyvern zombie (D:8)
  A wyvern skeleton (D:7)
  2 scorpions
  2 oklob saplings (D:8)
  16 killer bees
  5 crimson imps
  A giant frog skeleton (D:8)
  A gnoll shaman (D:6)
  2 jellies
  2 orc priests (D:8)
  A centaur skeleton (D:8)
  2 giant frog zombies (D:8)
  12 orc wizards
  Jessica (D:3)
  2 iguanas
  2 hounds
  8 worker ants
  2 hound zombies
  Robin (D:2)
  11 gnolls
  4 adders
  4 shadow imps
  2 oozes (D:1)
  2 adder skeletons
  An adder zombie (D:9)
  2 worms (D:2)
  6 giant geckos
  45 orcs
  11 bats
  3 bat skeletons
  6 giant cockroaches
  11 goblins
  11 hobgoblins
  2 jackals (D:3)
  4 quokkas
  A giant gecko zombie (D:8)
  3 giant newts
  A giant spore (D:6)
  27 kobolds
  A quokka skeleton (D:5)
  16 rats
  A ballistomycete (D:6)
290 creatures vanquished.

Vanquished Creatures (others)
  A phantom (D:9)
1 creature vanquished.

Grand Total: 291 creatures vanquished

Notes
Turn   | Place    | Note
--------------------------------------------------------------
     0 | D:1      | Baka, the Gargoyle Fighter, began the quest for the Orb.
     0 | D:1      | Reached XP level 1. HP: 14/14 MP: 1/1
   235 | D:1      | Reached XP level 2. HP: 14/19 MP: 2/2
   688 | D:2      | Reached XP level 3. HP: 16/23 MP: 3/3
  1053 | D:2      | Reached XP level 4. HP: 24/29 MP: 4/4
  1071 | D:2      | Noticed Robin
  1081 | D:2      | Killed Robin
  1090 | D:2      | Reached skill level 4 in Shields
  1511 | D:3      | Noticed Jessica
  1532 | D:3      | Killed Jessica
  1532 | D:3      | Reached XP level 5. HP: 5/33 MP: 5/5
  2136 | D:3      | Noticed ImmaFairy's ghost (average FoFi)
  2140 | D:3      | Gained mutation: You are somewhat resistant to further mutation. [potion of beneficial mutation]
  2155 | D:3      | Killed ImmaFairy's ghost
  2155 | D:3      | Reached XP level 6. HP: 6/39 MP: 6/6
  2483 | D:4      | Reached skill level 5 in Maces & Flails
  2483 | D:4      | Reached XP level 7. HP: 33/44 MP: 7/7
  2537 | D:4      | Reached skill level 5 in Fighting
  2537 | D:4      | Reached skill level 5 in Shields
  2628 | D:4      | Reached skill level 5 in Armour
  3076 | D:5      | Entered Level 5 of the Dungeon
  3087 | D:5      | Found a bloodstained altar of Trog.
  3243 | D:5      | Reached XP level 8. HP: 39/50 MP: 8/8
  3399 | D:5      | Reached skill level 6 in Maces & Flails
  3675 | D:5      | Noticed Blork the orc
  3693 | D:5      | Killed Blork the orc
  3780 | D:5      | Found Boleu's Antique Weapon Shoppe.
  3800 | D:5      | Bought an ebony mace for 192 gold pieces
  3941 | D:5      | Identified the +5 mace of the Revolution {crush, Int+2} (You bought it in a shop on level 5 of the Dungeon)
  4187 | D:6      | Found a staircase to the Ecumenical Temple.
  4279 | Temple   | Entered the Ecumenical Temple
  4288 | Temple   | Became a worshipper of Warmaster Okawaru
  4848 | D:7      | Noticed barthelme's ghost (experienced TrBe)
  4855 | D:7      | Acquired Okawaru's first power
  4855 | D:7      | Reached skill level 7 in Maces & Flails
  4876 | D:7      | Killed barthelme's ghost
  4876 | D:7      | Reached XP level 9. HP: 39/56 MP: 9/9
  4953 | D:7      | Reached skill level 8 in Maces & Flails
  5321 | D:7      | Found a glowing golden altar of the Shining One.
  5639 | D:8      | Reached XP level 10. HP: 62/64 MP: 10/10
  5665 | D:8      | Found Ilaro's Antique Weapon Shoppe.
  5707 | D:8      | Noticed a centaur warrior
  5713 | D:8      | Reached skill level 9 in Maces & Flails
  5721 | D:8      | Killed a centaur warrior
  5742 | D:8      | Noticed a tengu warrior
  5772 | D:8      | Killed a tengu warrior
  5810 | D:8      | Reached skill level 1 in Invocations
  5935 | D:8      | Reached skill level 10 in Maces & Flails
  6038 | D:8      | Noticed a wandering mushroom
  6047 | D:8      | Killed a wandering mushroom
  6052 | D:8      | Noticed a wandering mushroom
  6059 | D:8      | Killed a wandering mushroom
  6062 | D:8      | Found a blossoming altar of Fedhas.
  6062 | D:8      | Noticed a wandering mushroom
  6062 | D:8      | Noticed a wandering mushroom
  6617 | D:8      | Killed a wandering mushroom
  6627 | D:8      | Killed a wandering mushroom
  6806 | D:8      | Reached XP level 11. HP: 50/69 MP: 13/13
  7076 | D:8      | Reached skill level 11 in Maces & Flails
  7616 | D:9      | Found a staircase to the Orcish Mines.
  7621 | D:9      | Noticed Pikel
  7630 | D:9      | Killed Pikel
  7656 | D:9      | Reached skill level 1 in Evocations
  7944 | D:9      | Found a staircase to the Lair.
  8218 | Lair:1   | Entered Level 1 of the Lair of Beasts
  8230 | Lair:1   | Reached skill level 12 in Maces & Flails
  8260 | Lair:1   | Found a dark tunnel.
  8281 | Lair:1   | Received a gift from Okawaru
  8479 | Volcano  | Entered a volcano
  8579 | Volcano  | Noticed a fire crab
  8585 | Volcano  | HP: 2/71 [fire crab] (15)]
  8585 | Volcano  | Slain by a fire elemental

Action                   |  1- 3 |  4- 6 |  7- 9 | 10-12 || total
-------------------------+-------+-------+-------+-------++-------
Melee: Flail             |   108 |   151 |   213 |       ||   472
       Mace              |       |       |   242 |   439 ||   681
       Morningstar       |       |       |    63 |       ||    63
Invok: Heroism           |       |       |       |     3 ||     3
 Abil: Evoke Berserk Rag |       |       |       |     2 ||     2
Evoke: Wand              |       |       |       |     2 ||     2
  Use: Potion            |       |     8 |     1 |     5 ||    14
       Scroll            |       |       |    14 |     4 ||    18
  Eat: Bread ration      |       |     1 |     1 |       ||     2
       Beef jerky        |       |     1 |       |       ||     1
       Pizza             |       |       |     3 |       ||     3
       Meat ration       |       |       |     1 |     1 ||     2
       Fruit             |       |       |       |     8 ||     8
